| TOP OF THE 1ST |
|
Appleton Foxes batting - Pitching for Quincy Cubs : RHP Mike L Griffin
|
|
Pitching: RHP Mike L Griffin
|
|
|
Batting: LHB Mike Woodard
|
0-0: Ball 1-0: Ball 2-0: Foul Ball, location: 2F 2-1: Foul Ball, location: 2F 2-2: Ball 3-2: Base on Balls
|
|
Batting: LHB Juan Bustabad
|
0-0: Called Strike Mike Woodard steals 2nd base 0-1: Ball 1-1: Called Strike Mike Woodard is caught stealing 3rd base 2-5 1-2: Ball 2-2: Strikes out swinging
|
|
Batting: RHB Chris Brown
|
0-0: Swinging Strike 0-1: Fly out, F9 (Flyball, 9D, EV 90.0 MPH)
|
| Top of the 1st over - 0 runs, 0 hits, 0 errors, 0 left on base; Appleton 0 - Quincy 0 |
| BOTTOM OF THE 1ST |
|
Quincy Cubs batting - Pitching for Appleton Foxes : RHP Mark Grant
|
|
Pitching: RHP Mark Grant
|
|
|
Batting: RHB George Crum
|
0-0: Ball 1-0: Called Strike 1-1: Called Strike 1-2: Ball 2-2: Strikes out looking
|
|
Batting: RHB Jack Ayer
|
0-0: Foul Ball, location: 2F 0-1: Ground out 3-1 (Groundball, 34, EV 103.8 MPH)
|
|
Batting: RHB Wes Clements
|
0-0: Called Strike 0-1: Foul Ball, location: 2F 0-2: Reached on error, E4 (Groundball, 4MS, EV 88.1 MPH)
|
|
Batting: RHB Charles Curry
|
0-0: Called Strike 0-1: Foul Ball, location: 2F 0-2: Ball 1-2: Ball 2-2: Ball 3-2: Strikes out looking
|
| Bottom of the 1st over - 0 runs, 0 hits, 1 error, 1 left on base; Appleton 0 - Quincy 0 |
| TOP OF THE 2ND |
|
Appleton Foxes batting - Pitching for Quincy Cubs : RHP Mike L Griffin
|
|
Batting: RHB Robert Gilles
|
0-0: Called Strike 0-1: Called Strike 0-2: Ball 1-2: Foul Ball, location: 2F 1-2: Strikes out swinging
|
|
Batting: RHB George Hinshaw
|
0-0: Called Strike 0-1: Ball 1-1: Ball 2-1: Swinging Strike 2-2: Strikes out swinging
|
|
Batting: SHB Matt Gallegos
|
0-0: Swinging Strike 0-1: Called Strike 0-2: Ball 1-2: Foul Ball, location: 2F 1-2: Ball 2-2: Fly out, F7 (Flyball, 7D, EV 99.4 MPH)
|
| Top of the 2nd over - 0 runs, 0 hits, 0 errors, 0 left on base; Appleton 0 - Quincy 0 |
| BOTTOM OF THE 2ND |
|
Quincy Cubs batting - Pitching for Appleton Foxes : RHP Mark Grant
|
|
Batting: LHB Matt Nokes
|
0-0: Ball 1-0: SINGLE (Groundball, 6MD, EV 102.5 MPH)
|
|
Batting: RHB Billy Best
|
0-0: Swinging Strike Matt Nokes steals 2nd base 0-1: Ball 1-1: Ball 2-1: Foul Ball, location: 2F 2-2: Ball 3-2: Base on Balls
|
|
Batting: RHB Jerry Fry
|
0-0: Foul Ball, location: 2F 0-1: Foul Ball, location: 2F 0-2: Strikes out looking
|
|
Batting: RHB Curt Etchandy
|
0-0: Called Strike 0-1: Fly out, F8 (Line Drive, 8RM, EV 106.3 MPH)
|
|
Batting: RHB Garry Keeton
|
0-0: Ball 1-0: Ball 2-0: Foul Ball, location: 2F 2-1: Ball 3-1: Swinging Strike 3-2: 3-RUN HOME RUN (Flyball, 7LD, EV 108.8 MPH), Distance : 360 ft
|
|
Batting: RHB George Crum
|
0-0: Ball 1-0: Ball 2-0: Called Strike 2-1: Ball 3-1: Foul Ball, location: 2F 3-2: Base on Balls
|
|
Batting: RHB Jack Ayer
|
0-0: Ball 1-0: Called Strike 1-1: Fly out, F9 (Line Drive, 9D, EV 106.9 MPH)
|
| Bottom of the 2nd over - 3 runs, 2 hits, 0 errors, 1 left on base; Appleton 0 - Quincy 3 |
| TOP OF THE 3RD |
|
Appleton Foxes batting - Pitching for Quincy Cubs : RHP Mike L Griffin
|
|
Batting: RHB Douglas Lulay
|
0-0: Foul Ball, location: 2F 0-1: Reached on error, E4 (Groundball, 4, EV 94.4 MPH)
|
|
Batting: RHB Jeffery Carl
|
0-0: Ball 1-0: Fly out, F8 (Flyball, 89D, EV 96.3 MPH) Runner from 1st tags up, SAFE at 2nd
|
|
Batting: RHB Philip Sutton
|
0-0: Ball 1-0: Ground out 4-3 (Groundball, 4, EV 78.8 MPH) Douglas Lulay to third
|
|
Batting: LHB Mike Woodard
|
0-0: Ball 1-0: Foul Ball, location: 2F 1-1: Foul Ball, location: 2F 1-2: Strikes out swinging
|
| Top of the 3rd over - 0 runs, 0 hits, 1 error, 1 left on base; Appleton 0 - Quincy 3 |
| BOTTOM OF THE 3RD |
|
Quincy Cubs batting - Pitching for Appleton Foxes : RHP Mark Grant
|
|
Batting: RHB Wes Clements
|
0-0: Fly out, F8 (Flyball, 8RM, EV 87.5 MPH)
|
|
Batting: RHB Charles Curry
|
0-0: Ball 1-0: Ball 2-0: Foul Ball, location: 2F 2-1: Ball 3-1: Foul Ball, location: 2F 3-2: DOUBLE (Line Drive, 9LS, EV 98.8 MPH)
|
|
Batting: LHB Matt Nokes
|
0-0: Foul Ball, location: 2F 0-1: Ball 1-1: Ball 2-1: Called Strike 2-2: Foul Ball, location: 2F 2-2: Strikes out looking
|
|
Batting: RHB Billy Best
|
0-0: Swinging Strike 0-1: Ball 1-1: Foul Ball, location: 2F 1-2: Ball Passed Ball! Charles Curry to third 2-2: Strikes out swinging
|
| Bottom of the 3rd over - 0 runs, 1 hit, 0 errors, 1 left on base; Appleton 0 - Quincy 3 |
| TOP OF THE 4TH |
|
Appleton Foxes batting - Pitching for Quincy Cubs : RHP Mike L Griffin
|
|
Batting: LHB Juan Bustabad
|
0-0: Ball 1-0: SINGLE (Groundball, 3D, EV 103.8 MPH)
|
|
Batting: RHB Chris Brown
|
0-0: Ball 1-0: Called Strike 1-1: Swinging Strike 1-2: Strikes out swinging
|
|
Batting: RHB Robert Gilles
|
0-0: Ball Juan Bustabad steals 2nd base (no throw) 1-0: Ball 2-0: Ball 3-0: Base on Balls
|
|
Batting: RHB George Hinshaw
|
0-0: Ball 1-0: SINGLE (Flyball, 89S, EV 89.4 MPH) Juan Bustabad to third Robert Gilles to second Runner from 3rd tries for Home, SAFE, throw by RF to home
|
|
Batting: SHB Matt Gallegos
|
0-0: Called Strike 0-1: Foul Ball, location: 2F 0-2: Ball 1-2: Strikes out swinging
|
|
Batting: RHB Douglas Lulay
|
0-0: Ball 1-0: Ball 2-0: Called Strike 2-1: Called Strike 2-2: Strikes out swinging
|
| Top of the 4th over - 1 run, 2 hits, 0 errors, 2 left on base; Appleton 1 - Quincy 3 |
| BOTTOM OF THE 4TH |
|
Quincy Cubs batting - Pitching for Appleton Foxes : RHP Mark Grant
|
|
Batting: RHB Jerry Fry
|
0-0: Called Strike 0-1: Swinging Strike 0-2: Strikes out swinging
|
|
Batting: RHB Curt Etchandy
|
0-0: Ball 1-0: Ground out 4-3 (Groundball, 4S, EV 86.9 MPH)
|
|
Batting: RHB Garry Keeton
|
0-0: Ball 1-0: Ball 2-0: Ground out 6-3 (Groundball, 6, EV 109.4 MPH)
|
| Bottom of the 4th over - 0 runs, 0 hits, 0 errors, 0 left on base; Appleton 1 - Quincy 3 |
| TOP OF THE 5TH |
|
Appleton Foxes batting - Pitching for Quincy Cubs : RHP Mike L Griffin
|
|
Batting: RHB Jeffery Carl
|
0-0: Ball 1-0: DOUBLE (Line Drive, 78D, EV 103.8 MPH)
|
|
Batting: RHB Philip Sutton
|
0-0: Ball 1-0: Ball 2-0: Called Strike 2-1: Ground out 6-3 (Groundball, 6, EV 91.3 MPH)
|
|
Batting: LHB Mike Woodard
|
0-0: Ball 1-0: Swinging Strike 1-1: Ball 2-1: SINGLE (Flyball, 3D, EV 100.6 MPH) Jeffery Carl to third
|
|
Batting: LHB Juan Bustabad
|
0-0: Ball Mike Woodard steals 2nd base 1-0: Called Strike 1-1: Foul Ball, location: 2F 1-2: Ball 2-2: Ground out 6-3 (Groundball, 6, EV 85.6 MPH) Jeffery Carl scores Mike Woodard to third
|
|
Batting: RHB Chris Brown
|
0-0: DOUBLE (Flyball, 89D, EV 99.4 MPH) Mike Woodard scores
|
|
Batting: RHB Robert Gilles
|
0-0: Swinging Strike 0-1: Ball 1-1: Foul Ball, location: 2F 1-2: Foul Ball, location: 2F 1-2: Ball Wild Pitch! Chris Brown to third 2-2: Foul Ball, location: 2F 2-2: Strikes out looking
|
| Top of the 5th over - 2 runs, 3 hits, 0 errors, 1 left on base; Appleton 3 - Quincy 3 |
| BOTTOM OF THE 5TH |
|
Quincy Cubs batting - Pitching for Appleton Foxes : RHP Mark Grant
|
|
Batting: RHB George Crum
|
0-0: Ball 1-0: SINGLE (Line Drive, 9S, EV 101.9 MPH)
|
|
Batting: RHB Jack Ayer
|
0-0: Ball 1-0: Called Strike 1-1: Swinging Strike 1-2: Ball 2-2: Ball 3-2: Fly out, F8 (Flyball, 8RD, EV 108.1 MPH) Runner from 1st tags up, SAFE at 2nd
|
|
Batting: RHB Wes Clements
|
0-0: Called Strike 0-1: Ball George Crum steals 3rd base 1-1: Swinging Strike 1-2: Ball 2-2: Ball 3-2: Base on Balls
|
|
Batting: RHB Charles Curry
|
0-0: Called Strike 0-1: Ball 1-1: Swinging Strike 1-2: Ball 2-2: Strikes out swinging
|
|
Batting: LHB Matt Nokes
|
0-0: Called Strike 0-1: Ball 1-1: SINGLE (Groundball, 6D, EV 106.3 MPH) George Crum scores Wes Clements to second Runner from 2nd tries for 3rd, SAFE, no throw by LF
|
|
Batting: RHB Billy Best
|
0-0: Ball 1-0: Ball 2-0: Ball 3-0: Base on Balls Matt Nokes to second
|
|
Batting: RHB Jerry Fry
|
0-0: Called Strike 0-1: Swinging Strike 0-2: Foul Ball, location: 2F 0-2: Ball 1-2: Foul Ball, location: 2F 1-2: Foul Ball, location: 2F 1-2: Strikes out swinging
|
| Bottom of the 5th over - 1 run, 2 hits, 0 errors, 3 left on base; Appleton 3 - Quincy 4 |
| TOP OF THE 6TH |
|
Appleton Foxes batting - Pitching for Quincy Cubs : RHP Mike L Griffin
|
|
Batting: RHB George Hinshaw
|
0-0: SINGLE (Groundball, 56D, EV 105.6 MPH)
|
|
Batting: SHB Matt Gallegos
|
0-0: Bunted foul 0-1: Ball 1-1: Ball 2-1: Bunted foul 2-2: Fielders Choice at 2nd, 3-6 (Groundball, 3, EV 100.6 MPH)
|
|
Batting: RHB Douglas Lulay
|
0-0: Swinging Strike 0-1: Fielders Choice at 2nd, 4-6 (Groundball, 4, EV 77.5 MPH)
|
|
Batting: RHB Jeffery Carl
|
0-0: Ball 1-0: Swinging Strike 1-1: Foul Ball, location: 2F 1-2: Ball 2-2: Ball 3-2: Ground out 6-3 (Groundball, 6, EV 80.0 MPH)
|
| Top of the 6th over - 0 runs, 1 hit, 0 errors, 1 left on base; Appleton 3 - Quincy 4 |
| BOTTOM OF THE 6TH |
|
Quincy Cubs batting - Pitching for Appleton Foxes : RHP Mark Grant
|
|
Batting: RHB Curt Etchandy
|
0-0: Ball 1-0: Ground out 1-3 (Groundball, 13S, EV 67.5 MPH)
|
|
Batting: RHB Garry Keeton
|
0-0: Foul Ball, location: 2F 0-1: Ball 1-1: Foul Ball, location: 2F 1-2: Ground out 6-3 (Groundball, 6, EV 84.4 MPH)
|
|
Batting: RHB George Crum
|
0-0: Called Strike 0-1: Ball 1-1: Swinging Strike 1-2: Ball 2-2: Strikes out swinging
|
| Bottom of the 6th over - 0 runs, 0 hits, 0 errors, 0 left on base; Appleton 3 - Quincy 4 |
| TOP OF THE 7TH |
|
Appleton Foxes batting - Pitching for Quincy Cubs : RHP Mike L Griffin
|
|
Batting: RHB Philip Sutton
|
0-0: Ball 1-0: Foul Ball, location: 2F 1-1: Ball 2-1: Foul Ball, location: 2F 2-2: Ball 3-2: Ground out 6-3 (Groundball, 6D, EV 111.9 MPH)
|
|
Batting: LHB Mike Woodard
|
0-0: Fly out, F8 (Flyball, 8LD, EV 94.4 MPH)
|
|
Batting: LHB Juan Bustabad
|
0-0: Ball 1-0: Ground out 4-3 (Groundball, 4M, EV 98.8 MPH)
|
| Top of the 7th over - 0 runs, 0 hits, 0 errors, 0 left on base; Appleton 3 - Quincy 4 |
| BOTTOM OF THE 7TH |
|
Quincy Cubs batting - Pitching for Appleton Foxes : RHP Mark Grant
|
|
Batting: RHB Jack Ayer
|
0-0: Ball 1-0: Ball 2-0: Called Strike 2-1: Fly out, F9 (Flyball, 9D, EV 100.6 MPH)
|
|
Batting: RHB Wes Clements
|
0-0: Called Strike 0-1: Called Strike 0-2: Ball 1-2: Ball 2-2: Ball 3-2: Ground out 2-3 (Groundball, 13S, EV 71.9 MPH)
|
|
Batting: RHB Charles Curry
|
0-0: DOUBLE (Line Drive, 89D, EV 105.0 MPH)
|
|
Batting: LHB Matt Nokes
|
0-0: Called Strike 0-1: Ball 1-1: Foul Ball, location: 2F 1-2: Ground out 4-3 (Groundball, 34D, EV 110.6 MPH)
|
| Bottom of the 7th over - 0 runs, 1 hit, 0 errors, 1 left on base; Appleton 3 - Quincy 4 |
| TOP OF THE 8TH |
|
Appleton Foxes batting - Pitching for Quincy Cubs : RHP Mike L Griffin
|
|
Batting: RHB Chris Brown
|
0-0: Called Strike 0-1: Ball 1-1: Ball 2-1: Foul Ball, location: 2F 2-2: SINGLE (Line Drive, 3D, EV 93.8 MPH)
|
|
Batting: RHB Robert Gilles
|
0-0: Ball 1-0: Called Strike 1-1: Ball 2-1: Foul Ball, location: 2F 2-2: Foul Ball, location: 2F 2-2: Ball 3-2: Strikes out swinging
|
|
Batting: RHB George Hinshaw
|
0-0: Called Strike 0-1: Ball Wild Pitch! Chris Brown to second 1-1: Ball 2-1: Ball 3-1: Foul Ball, location: 2F 3-2: Foul Ball, location: 2F 3-2: Foul Ball, location: 2F 3-2: Base on Balls
|
|
Batting: SHB Matt Gallegos
|
0-0: Ball 1-0: SINGLE (Line Drive, 4MD, EV 95.0 MPH) Chris Brown to third George Hinshaw to second Runner from 3rd tries for Home, SAFE, throw by CF to home
|
|
Batting: RHB Douglas Lulay
|
0-0: Called Strike 0-1: Fly out, F8 (Flyball, 78D, EV 101.9 MPH)
|
|
Batting: RHB Jeffery Carl
|
0-0: Foul Ball, location: 2F 0-1: SINGLE (Flyball, 34D, EV 90.6 MPH) George Hinshaw to third Matt Gallegos to second Runner from 3rd tries for Home, SAFE, throw by RF to home
|
|
Batting: RHB Philip Sutton
|
0-0: Called Strike 0-1: Ball 1-1: Ball 2-1: Fielders Choice at 2nd, 5-4 (Groundball, 5, EV 89.4 MPH)
|
| Top of the 8th over - 2 runs, 3 hits, 0 errors, 2 left on base; Appleton 5 - Quincy 4 |
| BOTTOM OF THE 8TH |
|
Quincy Cubs batting - Pitching for Appleton Foxes : RHP Mark Grant
|
|
Batting: RHB Billy Best
|
0-0: Called Strike 0-1: Ball 1-1: Called Strike 1-2: Ground out 5-3 (Groundball, 5S, EV 79.4 MPH)
|
|
Batting: RHB Jerry Fry
|
0-0: Ball 1-0: Ball 2-0: Fly out, F8 (Line Drive, 8RD, EV 103.1 MPH)
|
|
Batting: RHB Curt Etchandy
|
0-0: Ball 1-0: Ball 2-0: Called Strike 2-1: Ground out 5-3 (Groundball, 56S, EV 92.5 MPH)
|
| Bottom of the 8th over - 0 runs, 0 hits, 0 errors, 0 left on base; Appleton 5 - Quincy 4 |
| TOP OF THE 9TH |
|
Appleton Foxes batting - Pitching for Quincy Cubs : RHP Mike L Griffin
|
|
Pitching: RHP Philip Teston
|
|
|
Batting: LHB Mike Woodard
|
0-0: Ball 1-0: Ball 2-0: Fly out, F9 (Line Drive, 9, EV 101.9 MPH)
|
|
Batting: LHB Juan Bustabad
|
0-0: Foul Ball, location: 2F 0-1: Fly out, F6 (Popup, 6D, EV 43.8 MPH)
|
|
Batting: RHB Chris Brown
|
0-0: DOUBLE (Line Drive, 78D, EV 100.6 MPH)
|
|
Batting: RHB Robert Gilles
|
0-0: Called Strike 0-1: Called Strike 0-2: Strikes out swinging
|
| Top of the 9th over - 0 runs, 1 hit, 0 errors, 1 left on base; Appleton 5 - Quincy 4 |
| BOTTOM OF THE 9TH |
|
Quincy Cubs batting - Pitching for Appleton Foxes : RHP Mark Grant
|
|
Pitching: RHP Jaime Cocanower
|
|
|
Pinch Hitting: SHB Willie Perez
|
0-0: Called Strike 0-1: Called Strike 0-2: Ground out 4-3 (Groundball, 34D, EV 101.3 MPH)
|
|
Batting: RHB George Crum
|
0-0: Called Strike 0-1: Ball 1-1: Foul Ball, location: 2F 1-2: Foul Ball, location: 2F 1-2: Foul Ball, location: 2F 1-2: Ball 2-2: Foul Ball, location: 2F 2-2: Foul Ball, location: 2F 2-2: Ball 3-2: Foul Ball, location: 2F 3-2: Base on Balls
|
|
Batting: RHB Jack Ayer
|
0-0: Ball 1-0: SINGLE (Line Drive, 9LM, EV 103.8 MPH) George Crum to second
|
|
Batting: RHB Wes Clements
|
0-0: Fly out, F9 (Flyball, 89XD, EV 91.3 MPH) Runner from 2nd tags up, SAFE at 3rd, no throw by RF
|
|
Batting: RHB Charles Curry
|
0-0: Ball 1-0: Called Strike 1-1: Foul Ball, location: 2F 1-2: Foul Ball, location: 2F 1-2: Ball 2-2: DOUBLE (Line Drive, 78D, EV 101.3 MPH) George Crum scores Jack Ayer to third Runner from 3rd tries for Home, SAFE, throw by CF to home
|
| Bottom of the 9th over - 2 runs, 2 hits, 0 errors, 0 left on base; Appleton 5 - Quincy 6 |
|